 Dungeon Crawl Stone Soup version 0.26.1-12-g5ba1501909 (webtiles) character file.

Game seed: 6088887576938855348

46 Ge0ff the Cutter (level 3, -2/23 HPs)
             Began as a Halfling Hedge Wizard on Nov 7, 2021.
             Slain by an adder (4 damage)
             ... on level 2 of the Dungeon.
             The game lasted 00:04:56 (1871 turns).

Ge0ff the Cutter (Halfling Hedge Wizard)            Turns: 1871, Time: 00:04:57

Health: -2/23      AC:  3    Str: 12    XL:     3   Next: 95%
Magic:  6/6        EV: 15    Int: 12    God:
Gold:   28         SH:  0    Dex: 13    Spells: 5/6 levels left

rFire    . . .     SeeInvis .   a - +0 dagger
rCold    . . .     Faith    .   (shield restricted)
rNeg     . . .     Spirit   .   b - +1 robe
rPois    .         Reflect  .   c - +0 hat
rElec    .         Harm     .   (no cloak)
rCorr    .         Rampage  .   (no gloves)
Will     .....                  (no boots)
Stlth    ++........             (no amulet)
HPRegen  0.07/turn              (no ring)
MPRegen  0.10/turn              (no ring)

@: no status effects
A: small, mutation resistance 1
a: no special abilities


You were on level 2 of the Dungeon.
You visited 1 branch of the dungeon, and saw 2 of its levels.

You collected 28 gold pieces.

Inventory:

Hand Weapons
 a - a +0 dagger (weapon)
Missiles
 d - 26 poisoned darts (quivered)
 e - 37 stones
 h - 10 sling bullets
Armour
 b - a +1 robe (worn)
 c - a +0 hat (worn)
 f - a +0 leather armour
Jewellery
 j - a +6 ring of strength {unknown}
Scrolls
 g - a scroll of enchant armour
Potions
 X - a potion of flight


   Skills:
 + Level 1.6 Fighting
 - Level 3.0 Short Blades
 - Level 2.1 Dodging
 - Level 2.1 Stealth
 - Level 2.4 Spellcasting
 - Level 0.7 Conjurations
 - Level 0.7 Summonings
 - Level 1.1 Translocations


You had 5 spell levels left.
You knew the following spells:

 Your Spells              Type           Power        Failure   Level
k - Magic Dart            Conj           12%          21%         1

Your spell library contained the following spells:

 Spells                   Type           Power        Failure   Level
 Blink                    Tloc           N/A          26%         2
 Call Imp                 Summ           3%           30%         2
 Slow                     Hex            1%           36%         2
 Conjure Flame            Conj/Fire      2%           56%         3
 Mephitic Cloud           Conj/Pois/Air  2%           56%         3


Dungeon Overview and Level Annotations

Branches:
Dungeon (2/15)

Altars:

Annotations:
D:2 Robin


Innate Abilities, Weirdness & Mutations

You are small and have problems with some larger weapons.
You are somewhat resistant to further mutation.


Message History

The goblin completely misses you. The hobgoblin misses you.
Robin throws the goblin at you!
You closely miss the goblin.
The hobgoblin no longer looks unusually strong.
The goblin misses you. The goblin closely misses you. The adder misses you.
You hit the goblin.
The goblin is moderately wounded.
The goblin hits you. The hobgoblin closely misses you.
The adder barely misses you. The goblin misses you. The goblin hits you.
* * * LOW HITPOINT WARNING * * *
You barely miss the goblin.
The goblin is moderately wounded.
The goblin barely misses you. The hobgoblin hits you.
* * * LOW HITPOINT WARNING * * *
The adder misses you. The goblin barely misses you.
The goblin completely misses you.
You hit the goblin.
The goblin is severely wounded.
The adder bites you.
You die...

......# ......## ..# .?....##.
#.# ..#####
##...g..##.##.###..#......##
#..............##.....##...##
###.......#.......##..........#
#$.<.......#.#.g#.#............
....#..........##S...............
### #.#####.##bg@g#?.............
#.# #.#ggg##...........# #.# #
##bgg#.g........# ..#
#ggg##.##..###.. ...
###g..g....###.# ...
.......###.....# ###.$.....#..###
.................
gg###..........##


You could see Robin, an adder, 4 hobgoblins, 7 goblins and 2 bats.

Vanquished Creatures
  2 oozes (D:1)
  A dart slug (D:1)
  4 leopard geckos (D:1)
  A ball python (D:1)
  3 giant cockroaches (D:1)
  4 goblins
  4 hobgoblins (D:1)
  2 kobolds (D:1)
  2 bats (D:1)
  6 rats (D:1)
29 creatures vanquished.

Vanquished Creatures (others)
  A fungus (D:1)
  3 plants (D:1)
4 creatures vanquished.

Grand Total: 33 creatures vanquished

Notes
Turn   | Place    | Note
-------+----------+-------------------------------------------
     0 | D:1      | Ge0ff the Halfling Hedge Wizard began the quest for the
                  | Orb.
     0 | D:1      | Reached XP level 1. HP: 11/11 MP: 3/3
   262 | D:1      | Reached skill level 1 in Fighting
   262 | D:1      | Reached skill level 1 in Short Blades
   262 | D:1      | Reached XP level 2. HP: 17/18 MP: 0/5
   455 | D:1      | Reached skill level 2 in Short Blades
   590 | D:1      | Reached XP level 3. HP: 23/23 MP: 1/6
  1568 | D:1      | Reached skill level 3 in Short Blades
  1847 | D:2      | Noticed Robin
  1871 | D:2      | Slain by an adder

Illustrated notes

Levels and vault maps discovered:
D:1:      wander_arrival_fairy_ring, layout_loops_ring
D:2:      layout_rooms, chequers_ecumenical_altar_simple_redux, uniq_robin

Skill      XL: |  1  2  3 |
---------------+----------+-----
Fighting       | 1 |  1.6
Short Blades   | 1 2 3 |  3.0
Dodging        | |  2.1
Stealth        | |  2.1
Spellcasting   | |  2.4
Conjurations   | |  0.7
Summonings     | |  0.7
Translocations | |  1.1

Action                   || total
-------------------------++-------
Melee: Dagger            ||    36
Throw: Dart              ||     8
 Cast: Magic Dart        ||    79
  Use: Scroll            ||     2
       Potion            ||     1
Armor: Robe              ||    15
Dodge: Dodged            ||    93
